Map: Proxima Station LE

Players

thermy (uThermal)

  • Race: Terran Terran
  • Spawn Location: 1:00

MaSa - Winner!

  • Race: Terran Terran
  • Spawn Location: 7:00

Event: WCS Valencia 2017

VOD

Have the link to the VOD?

Description

Time

  • Played on: July 13, 2017, 2:59 p.m.
  • Length: 20:50

All games in this series

Show
View Real Time Build Order
Export as new Build Order

thermy Terran 

Build Orders: Reaper Expand, Bio Tank 

Get SALT Encoding   

  12  0:02  SCV  
  13  0:14  SCV  
  14  0:20  Supply Depot  
  14  0:26  SCV  
  14  0:28  Refinery  
  15  0:41  SCV  
  16  0:44  Barracks  
  16  0:53  SCV  
  17  1:06  SCV  
  18  1:18  SCV  
  19  1:31  Orbital Command  
  19  1:32  Reaper  
  20  1:46  Command Center  
  20  1:58  SCV  
  21  2:03  Factory  
  21  2:06  Barracks Reactor  
  21  2:10  SCV  
  22  2:17  Refinery  
  22  2:22  SCV  
  22  2:28  Supply Depot  
  22  2:34  SCV  
  23  2:48  Starport  
  23  2:49  Marine x2  
  23  2:50  SCV  
  26  2:52  Widow Mine  
  28  3:04  Orbital Command  
  28  3:05  SCV  
  28  3:11  Marine x2  
  30  3:22  Cyclone  
  30  3:26  SCV  
  34  3:29  SCV  
  34  3:33  Viking  
  37  3:34  Marine  
  37  3:37  Marine  
  37  3:39  SCV  
  40  3:41  SCV  
  40  3:46  Supply Depot  
  41  3:51  SCV  
  41  3:54  SCV, Factory Tech Lab  
  43  3:57  Engineering Bay  
  43  4:03  SCV  
  43  4:06  SCV  
  45  4:14  Marine x2  
  45  4:15  SCV  
  45  4:16  Raven  
  50  4:19  SCV, Supply Depot  
  51  4:27  SCV  
  51  4:31  SCV  
  53  4:39  SCV  
  53  4:40  Marine, Command Center  
  53  4:43  SCV  
  55  4:53  Supply Depot  
  55  4:54  SCV  
  55  4:55  Engineering Bay  
  55  4:59  SCV, Refinery, Raven  
  59  5:05  Refinery  
  59  5:06  Supply Depot  
  58  5:08  SCV  
  58  5:11  SCV  
  57  5:16  Missile Turret  
  57  5:20  SCV  
  58  5:26  Terran Infantry Armor Level 1, SCV, Terran Infantry Weapons Level 1  
  59  5:31  Marine  
  59  5:32  SCV, Marine  
  59  5:35  Factory Tech Lab  
  62  5:38  SCV  
  63  5:44  SCV  
  64  5:51  SCV  
  64  5:56  SCV, Viking x2  
  68  5:58  Marine  
  68  5:59  Stimpack  
  68  6:03  SCV  
  70  6:05  Siege Tank  
  70  6:08  SCV  
  70  6:09  Supply Depot  
  74  6:15  SCV  
  75  6:19  Marine  
  75  6:21  SCV  
  77  6:27  SCV, Viking x2  
  82  6:33  Barracks  
  82  6:34  Barracks  
  82  6:35  SCV  
  82  6:37  Marine  
  84  6:40  Armory  
  84  6:45  SCV  
  84  6:47  SCV, Missile Turret  
  84  6:49  SCV  
  81  6:55  Marine  
  81  6:58  SCV  
  81  6:59  SCV  
  78  7:10  SCV, Orbital Command  
  78  7:12  SCV  
  78  7:13  Siege Tank  
  78  7:15  Marine  
  82  7:22  SCV  
  82  7:24  SCV  
  82  7:27  Terran Infantry Armor Level 2, Terran Infantry Weapons Level 2  
  83  7:34  SCV, Refinery  
  83  7:36  Sensor Tower x2  
  84  7:37  SCV  
  84  7:41  Barracks Reactor  
  84  7:43  Barracks Reactor  
  85  7:45  Terran Vehicle Weapons Level 1  
  85  7:46  SCV x2  
  85  7:49  SCV, Refinery  
  85  7:50  Marine  
  89  7:58  SCV x2  
  91  8:01  Barracks  
  91  8:02  Supply Depot  
  91  8:03  SCV, Barracks  
  92  8:06  Supply Depot  
  92  8:08  Marine  
  92  8:10  SCV, Combat Shields  
  92  8:12  Medivac  
  97  8:13  Medivac  
  97  8:16  SCV  
  97  8:18  Marine  
  97  8:19  Supply Depot  
  100  8:24  Siege Tank  
  102  8:28  SCV x2  
  102  8:29  SCV, Marine  
  102  8:30  Supply Depot x2  
  102  8:31  Marine x2  
  108  8:40  SCV x2  
  108  8:41  SCV, Supply Depot  
  109  8:45  Marine x2  
  109  8:46  Medivac x2  
  116  8:50  Factory  
  116  8:51  Marine  
  116  8:52  Marine  
  116  8:54  Marine  
  118  8:57  Siege Tank  
  118  9:00  Supply Depot  
  118  9:02  Barracks Reactor x2  
  121  9:05  Marine  
  121  9:06  Marine  
  121  9:09  Marine x2  
  124  9:14  Marine  
  124  9:16  Command Center  
  123  9:21  Supply Depot  
  123  9:22  Marine  
  124  9:24  Marine  
  124  9:27  Marine x2  
  124  9:30  Siege Tank  
  130  9:32  Marine  
  130  9:35  Medivac x2, Factory Tech Lab  
  135  9:38  Marine  
  135  9:40  Marine  
  135  9:41  Marine x3  
  135  9:42  Marine  
  135  9:45  Marine x2  
  143  9:47  Terran Infantry Weapons Level 3  
  143  9:50  Marine, Terran Infantry Armor Level 3  
  144  9:56  Siege Tank, Marine  
  144  9:58  Marine x2  
  149  10:03  Marine x2, Supply Depot  
  149  10:04  Supply Depot  
  149  10:05  Medivac  
  149  10:06  Marine  
  154  10:07  Marine x3  
  157  10:14  Marine  
  157  10:16  Marine x2  
  157  10:18  Terran Vehicle Weapons Level 2  
  157  10:19  Supply Depot  
  160  10:23  Marine x2  
  160  10:24  Marine  
  160  10:26  Marine  
  160  10:27  Marine  
  164  10:30  Siege Tank  
  164  10:33  Marine  
  164  10:35  Marine  
  169  10:38  Marine x2  
  169  10:40  Marine  
  169  10:41  Marine  
  172  10:43  Marine  
  172  10:47  Marine  
  172  10:48  Marine  
  175  10:51  Marine  
  175  10:52  Marine  
  175  10:55  Marine  
  175  10:56  Marine  
  179  10:58  Siege Tank, Marine x2  
  179  11:00  Marine  
  185  11:05  Marine  
  185  11:06  Marine  
  185  11:09  Marine  
  185  11:10  Marine  
  186  11:13  Marine x2  
  186  11:16  Marine x2  
  182  11:18  Marine  
  182  11:22  Marine  
  182  11:23  Marine  
  184  11:26  Medivac x2  
  184  11:27  Marine  
  184  11:28  Marine  
  184  11:31  Marine x2  
  190  11:34  Marine x2  
  190  11:36  Marine  
  192  11:40  Marine  
  192  11:41  Marine  
  192  11:45  Marine  
  192  11:46  Marine  
  195  11:49  Marine x2  
  195  11:52  Marine x2  
  195  11:54  Marine  
  199  11:59  Marine  
  185  12:03  Marine x2  
  185  12:04  Marine  
  185  12:07  Marine x2  
  181  12:09  Marine  
  181  12:10  Marine  
  181  12:12  Marine  
  175  12:17  Marine, Command Center  
  175  12:20  Marine  
  175  12:21  Marine  
  175  12:22  Marine  
  178  12:24  Marine, Medivac  
  178  12:25  Marine  
  178  12:27  Marine x2  
  178  12:29  Marine  
  184  12:35  Marine  
  186  12:38  Marine  
  186  12:39  Marine x2  
  186  12:42  Marine x2  
  152  12:45  Marine  
  152  12:46  Marine  
  152  12:47  Marine  
  149  12:53  Marine  
  149  12:56  Marine x2  
  149  12:57  Marine, Medivac  
  152  13:00  Marine x2  
  152  13:03  Marine x2  
  152  13:05  Marine  
  153  13:10  Marine  
  155  13:14  Marine x2  
  155  13:15  Marine  
  155  13:18  Marine x2  
  160  13:21  Marine x2  
  160  13:23  Marine  
  160  13:25  Medivac  
  164  13:28  Marine  
  164  13:32  Marine x2  
  164  13:33  Marine  
  167  13:36  Marine x2  
  167  13:39  Marine x2  
  169  13:50  Marine  
  169  13:51  Marine x4  
  169  13:54  Marine  
  170  13:56  Marine x2  
  170  13:57  Marine  
  170  14:07  Marine, Medivac  
  170  14:08  Marine  
  170  14:09  Marine  
  172  14:14  Marine  
  172  14:15  Marine x3  
  167  14:20  Marine x2  
  160  14:25  Marine  
  160  14:26  Marine  
  160  14:27  Marine  
  161  14:32  Marine  
  161  14:33  Marine x3  
  161  14:38  Marine x2  
  166  14:43  Marine  
  166  14:44  Marine  
  166  14:45  Marine  
  167  14:49  Marine  
  167  14:50  Marine  
  167  14:51  Marine x2  
  152  14:56  Marine x2  
  147  15:00  Medivac  
  147  15:01  Marine  
  147  15:02  Marine x2  
  142  15:07  Marine  
  142  15:08  Marine  
  142  15:09  Marine x2  
  142  15:13  Marine  
  142  15:14  Marine  
  144  15:19  Marine  
  144  15:20  Marine x2  
  144  15:25  Marine  
  144  15:26  Marine x2  
  144  15:27  Marine  
  148  15:31  Marine x2  
  148  15:32  Medivac  
  148  15:35  Medivac  
  154  15:36  Marine  
  154  15:37  Marine  
  154  15:38  Marine  
  157  15:43  Marine  
  157  15:44  Marine x3  
  157  15:49  Marine x2  
  155  15:54  Marine  
  155  15:55  Marine  
  155  15:56  Marine  
  158  16:01  Marine  
  158  16:02  Marine x3  
  163  16:07  Siege Tank x2, Marine x2  
  163  16:10  Planetary Fortress  
  154  16:12  Marine  
  154  16:13  Marine  
  154  16:14  Marine  
  154  16:15  Missile Turret  
  154  16:17  Planetary Fortress  
  157  16:19  Marine x2  
  157  16:22  Marine x2  
  157  16:25  Marine x2  
  163  16:30  Marine  
  163  16:31  Marine  
  163  16:32  Marine  
  162  16:33  Barracks x2  
  162  16:37  Marine x2  
  164  16:40  Marine x2  
  164  16:42  Marine  
  164  16:43  Siege Tank, Marine  
  167  16:48  Marine  
  167  16:49  Marine  
  167  16:54  Marine x2  
  130  16:55  Marine  
  130  16:56  Siege Tank  
  130  16:58  Marine x2  
  130  17:00  Marine  
  133  17:01  Marine  
  133  17:05  Marine  
  133  17:07  Marine  
  127  17:11  Marine  
  127  17:12  Marine  
  127  17:13  Marine  
  121  17:15  Siege Tank, Marine  
  121  17:16  Marine  
  121  17:18  Marine  
  121  17:19  Marine  
  124  17:23  Marine x3  
  124  17:24  Marine  
  124  17:27  Barracks  
  124  17:28  Siege Tank  
  124  17:29  Marine  
  129  17:30  Marine  
  129  17:31  Marine  
  129  17:33  Marine  
  129  17:34  Marine  
  129  17:36  Marine  
  129  17:37  Marine  
  134  17:40  Marine  
  134  17:41  Marine x2  
  134  17:42  Marine  
  137  17:47  Siege Tank, Marine  
  137  17:48  Marine x2  
  140  17:51  Marine x2  
  140  17:54  Marine x2  
  142  17:58  Marine  
  142  17:59  Marine x2  
  142  18:00  Marine  
  142  18:05  Marine  
  147  18:06  Marine x2  
  147  18:09  Marine x2  
  147  18:12  Marine x2  
  147  18:16  Marine x2  
  147  18:17  Marine  
  147  18:18  Marine  
  152  18:23  Marine  
  152  18:24  Marine  
  151  18:27  Marine x2  
  151  18:29  Marine  
  151  18:31  Marine  
  151  18:32  Marine  
  148  18:35  Marine  
  148  18:39  Marine  
  148  18:40  Marine  
  146  18:48  Marine  
  139  19:15  Siege Tank  
  140  19:18  Marine x2  
  140  19:20  Marine  
  143  19:28  Orbital Command  
  143  19:36  Marine x2  
  143  19:37  Marine  
  126  19:48  Barracks  
  126  19:49  Barracks  
  124  19:55  Barracks  
  119  20:08  Supply Depot x2  
Show
View Real Time Build Order
Export as new Build Order

MaSa Terran - Winner!

Build Orders: 1/1/1, Bio Tank, Banshee Rush 

Get SALT Encoding   

  12  0:00  SCV  
  13  0:12  SCV  
  14  0:17  Supply Depot  
  14  0:24  SCV  
  14  0:27  Refinery  
  15  0:39  SCV  
  16  0:44  Barracks  
  16  0:51  SCV  
  16  0:56  Refinery  
  17  1:03  SCV  
  18  1:15  SCV  
  19  1:27  SCV  
  19  1:31  Factory  
  20  1:34  Reaper  
  21  1:42  Orbital Command  
  21  1:53  Supply Depot  
  21  2:06  Reaper  
  21  2:07  SCV  
  23  2:15  Starport  
  23  2:18  Hellion  
  25  2:26  Supply Depot  
  25  2:29  SCV  
  26  2:39  Barracks Tech Lab  
  26  2:41  SCV  
  27  2:56  Hellion  
  27  2:58  SCV  
  30  3:09  Banshee, Cloaking Field  
  30  3:10  SCV  
  34  3:21  Barracks Reactor  
  34  3:28  Command Center  
  34  3:30  SCV  
  35  3:41  Supply Depot  
  35  3:42  SCV  
  36  3:52  Banshee  
  39  4:02  Marine, Cyclone, SCV  
  44  4:04  Marine  
  45  4:11  Supply Depot  
  45  4:15  SCV  
  46  4:22  Marine  
  47  4:32  Marine  
  47  4:33  SCV  
  47  4:35  Raven  
  51  4:40  Marine  
  51  4:45  SCV  
  53  4:49  Factory Tech Lab  
  53  4:50  Marine  
  52  4:54  Orbital Command  
  52  4:57  SCV  
  52  4:59  Marine  
  53  5:09  SCV  
  53  5:12  Command Center  
  54  5:18  Banshee  
  54  5:20  Marine  
  59  5:21  SCV  
  59  5:22  SCV  
  59  5:27  Siege Tank  
  63  5:33  SCV  
  63  5:34  SCV, Refinery  
  65  5:38  Marine x2  
  65  5:40  Engineering Bay  
  67  5:43  Engineering Bay  
  67  5:45  SCV, Supply Depot  
  67  5:47  SCV  
  69  5:57  SCV  
  70  6:07  Siege Tank, SCV, Supply Depot  
  70  6:09  SCV, Terran Infantry Weapons Level 1  
  70  6:10  Viking  
  77  6:11  Refinery  
  77  6:16  Marine  
  78  6:19  Terran Infantry Armor Level 1  
  78  6:23  Viking  
  78  6:24  SCV  
  81  6:26  SCV  
  81  6:30  Stimpack, Orbital Command  
  82  6:36  SCV  
  82  6:38  Marine  
  82  6:39  SCV  
  85  6:43  Barracks  
  85  6:48  SCV  
  85  6:51  SCV  
  85  6:53  Siege Tank  
  90  6:56  Marine  
  90  6:58  Orbital Command  
  90  7:00  SCV  
  90  7:02  Medivac x2  
  90  7:03  SCV  
  94  7:12  SCV  
  94  7:14  Barracks  
  94  7:15  Barracks  
  90  7:17  SCV  
  90  7:20  Marine  
  90  7:21  Refinery  
  90  7:22  Barracks, Refinery  
  92  7:24  SCV x2  
  94  7:31  Barracks Reactor  
  95  7:37  SCV x2  
  95  7:38  Marine  
  95  7:39  Missile Turret  
  95  7:40  Barracks  
  95  7:41  Barracks  
  95  7:42  Siege Tank  
  100  7:49  SCV  
  100  7:50  Supply Depot  
  101  7:51  Supply Depot  
  101  7:53  Supply Depot  
  101  7:54  Armory  
  101  8:00  Sensor Tower  
  101  8:03  Barracks Reactor  
  101  8:04  Barracks Reactor  
  101  8:09  Sensor Tower  
  101  8:10  Barracks Reactor  
  101  8:11  Marine x2, Medivac x2, SCV x2  
  109  8:13  SCV  
  109  8:16  Supply Depot x2  
  110  8:20  Marine  
  110  8:23  SCV x2  
  110  8:25  SCV, Supply Depot  
  110  8:26  Siege Tank  
  117  8:29  Marine  
  117  8:31  Combat Shields, Supply Depot  
  118  8:34  Factory  
  118  8:35  Marine  
  118  8:36  SCV  
  118  8:37  SCV  
  118  8:38  Marine  
  118  8:40  SCV  
  118  8:41  Marine x3  
  121  8:46  Terran Infantry Armor Level 2  
  121  8:48  SCV  
  123  8:52  Terran Infantry Weapons Level 2  
  123  8:53  Marine x5  
  128  8:56  SCV x2, Marine  
  128  8:58  Marine  
  128  8:59  Medivac  
  134  9:03  SCV  
  134  9:05  Marine, Medivac  
  134  9:06  Marine, Missile Turret  
  139  9:14  Supply Depot  
  139  9:17  Terran Vehicle Weapons Level 1, Supply Depot x2  
  140  9:18  Marine x2  
  140  9:19  Marine, Supply Depot  
  140  9:20  Marine  
  140  9:23  Siege Tank  
  146  9:25  Marine x2  
  146  9:26  Marine  
  149  9:37  Supply Depot  
  148  9:39  Supply Depot  
  148  9:45  Command Center  
  148  9:46  Marine x7  
  148  9:47  Marine  
  156  9:57  Supply Depot  
  156  9:58  Supply Depot  
  157  10:01  Siege Tank, Supply Depot  
  157  10:04  Marine x2  
  161  10:10  Barracks Reactor  
  161  10:12  Siege Tank, Medivac x2  
  161  10:13  Marine x3  
  161  10:14  Marine x2  
  172  10:16  Marine  
  174  10:22  Marine  
  175  10:31  Marine x4  
  175  10:34  Siege Tank  
  182  10:36  Marine x3  
  182  10:41  Medivac  
  182  10:42  Medivac  
  189  10:43  Marine  
  189  10:44  Siege Tank  
  189  10:49  Marine x4  
  196  10:50  Marine  
  195  10:59  Planetary Fortress  
  195  11:06  Siege Tank  
  195  11:08  Marine x2  
  200  11:25  Marine  
  200  11:38  Terran Infantry Weapons Level 3, Terran Infantry Armor Level 3  
  200  11:46  Command Center  
  199  11:47  Command Center  
  199  11:50  Marine  
  200  12:00  Siege Tank, Marine x3  
  190  12:04  Marine x3  
  190  12:05  Siege Tank  
  190  12:07  Marine x3  
  192  12:11  Marine  
  192  12:15  Terran Vehicle Weapons Level 2  
  193  12:18  Marine x2  
  193  12:21  Marine  
  193  12:22  Marine x2  
  188  12:25  Marine x2  
  190  12:31  Refinery  
  190  12:32  Refinery  
  190  12:33  Siege Tank  
  193  12:37  Siege Tank  
  193  12:40  Marine x8  
  193  12:43  Marine x2  
  151  12:58  Marine x8  
  152  13:00  Marine  
  152  13:01  Marine  
  152  13:05  Siege Tank  
  155  13:09  Siege Tank  
  156  13:15  Marine  
  156  13:16  Marine x6, Sensor Tower  
  163  13:27  Marine  
  163  13:28  Marine x2  
  163  13:33  Marine  
  163  13:34  Marine  
  163  13:35  Refinery  
  163  13:37  Siege Tank  
  169  13:41  Siege Tank  
  159  13:50  Marine x4  
  159  13:54  Marine x3  
  159  13:55  Orbital Command  
  157  14:09  Siege Tank  
  159  14:12  Marine x3  
  159  14:13  Siege Tank  
  159  14:15  Medivac x2  
  166  14:19  Marine x3  
  166  14:21  Marine x3  
  166  14:22  Building Armor  
  160  14:38  Marine x3  
  160  14:39  Marine x3  
  160  14:41  Siege Tank  
  160  14:43  Orbital Command, Marine x2  
  160  14:45  Siege Tank, Medivac x2  
  151  14:55  Marine x2  
  151  14:56  Marine x3  
  151  14:57  Marine  
  146  15:01  Marine x2  
  132  15:09  Orbital Command  
  132  15:13  Siege Tank, Marine x2  
  132  15:14  Marine x3  
  128  15:15  Planetary Fortress, Medivac x2, Marine  
  128  15:17  Siege Tank  
  128  15:19  Marine x2  
  138  15:30  SCV x3  
  138  15:31  Marine x3  
  138  15:32  Marine x2  
  138  15:33  Marine  
  138  15:34  Barracks  
  138  15:35  Barracks, Sensor Tower  
  147  15:37  Marine x2  
  149  15:45  Siege Tank  
  149  15:49  Siege Tank, Marine x3  
  155  15:51  Marine  
  155  15:54  Marine  
  155  15:55  Barracks Reactor, Marine  
  155  15:56  Barracks Reactor, SCV  
  158  16:07  Marine x3  
  158  16:08  Marine  
  159  16:12  Marine x2  
  159  16:14  Medivac x2  
  159  16:17  Siege Tank  
  168  16:25  Marine x3  
  172  16:26  Marine  
  172  16:27  Barracks Reactor x2  
  172  16:30  Marine x2, Terran Vehicle Weapons Level 3  
  174  16:37  Marine x4  
  174  16:38  Siege Tank  
  181  16:43  Marine x3  
  181  16:44  Marine  
  183  16:48  Marine x2  
  157  16:55  Marine x4  
  157  16:56  Medivac x2  
  157  17:00  Marine  
  157  17:01  Marine x2  
  160  17:02  Marine  
  160  17:06  Marine x2  
  160  17:07  Marine  
  160  17:08  Marine x3  
  160  17:09  Command Center  
  160  17:13  Marine x4  
  149  17:18  Marine x2  
  149  17:19  Marine  
  149  17:20  Marine  
  151  17:24  Marine x2  
  151  17:25  Marine  
  151  17:26  Marine x3, Medivac  
  151  17:29  Siege Tank  
  161  17:30  Marine  
  161  17:31  Marine x2  
  161  17:34  Orbital Command, Marine  
  161  17:36  Marine  
  164  17:41  Marine  
  164  17:42  Marine x3  
  164  17:43  Marine  
  166  17:45  Marine x2  
  166  17:46  Siege Tank, Marine  
  171  17:53  Marine  
  171  17:54  Marine x4  
  171  17:57  Marine  
  169  17:59  Marine x2  
  169  18:00  Marine  
  169  18:01  Siege Tank, Marine x2  
  169  18:03  Marine  
  169  18:04  Marine  
  169  18:05  Marine  
  180  18:11  Marine  
  180  18:12  Marine x3  
  180  18:17  Marine x4  
  180  18:18  Siege Tank, Marine  
  181  18:23  Planetary Fortress  
  181  18:27  Marine x2  
  177  18:28  Medivac x2  
  177  18:30  Marine x3  
  185  18:35  Siege Tank, Marine x3  
  185  18:36  Marine x2  
  185  18:39  Marine  
  192  18:41  Marine x2  
  192  18:45  Marine x2  
  196  18:50  Siege Tank  
  196  18:52  Marine  
  196  18:57  Marine  
  196  18:58  Medivac  
  196  19:02  Marine  
  188  19:03  Marine  
  188  19:04  Marine x2  
  188  19:05  Marine x2  
  188  19:06  Marine  
  188  19:07  Marine x4  
  199  19:10  Marine, Command Center  
  199  19:14  Marine  
  199  19:15  Marine  
  196  19:39  Marine x3  
  196  19:40  Siege Tank, Marine x2  
  196  19:41  Medivac x2  
  200  20:13  Marine x4  
  190  20:21  Marine x3  
  190  20:22  Marine x4  
  190  20:24  Marine x2  
  192  20:31  Marine x3  
Tags
 
Add a new tag
Caveats
  • Supply blocks, unpowered buildings, or Contaminate may cause inaccurate times.
  • Supply counts are checked every 10 seconds.